 Dungeon Crawl Stone Soup version 0.27-a0-95-g5a9077b8ae (webtiles) character file.

Game seed: 13031948269554338526

6742 hehateme the Transmogrifier (level 10, -4/90 HPs)
             Began as a White Draconian Transmuter on Jan 17, 2021.
             Was an Elder of Okawaru.
             Slain by a cyan ugly thing (13 damage)
             ... on level 10 of the Dungeon.
             The game lasted 00:26:05 (19733 turns).

hehateme the Transmogrifier (DrTm)                 Turns: 19733, Time: 00:26:06

Health: -4/90      AC: 11    Str: 15    XL:     10   Next: 75%
Magic:  25/30      EV: 12    Int: 13    God:    Okawaru [****..]
Gold:   556        SH:  0    Dex: 13    Spells: 14/23 levels left

rFire    . . .     SeeInvis .     - Unarmed
rCold    + . .     Faith    +   (shield currently unavailable)
rNeg     . . .     Spirit   .   (armour unavailable)
rPois    .         Reflect  .   (helmet restricted)
rElec    .         Harm     .   v - +1 cloak
rCorr    .         Rampage  .   (gloves currently unavailable)
Will     .....                  l - +1 pair of boots
Stlth    +.........             D - amulet of faith {Faith, !P}
HPRegen  0.25/turn              p - ring of magical power {MP+9}
MPRegen  0.22/turn              (no ring)

@: blade hands (expiring)
A: breathe frost, unfitting armour, cold resistance 1, cold-blooded, AC +7
a: Breathe Frost, End Transformation, Renounce Religion, Heroism


You were on level 10 of the Dungeon.
You worshipped Okawaru.
Okawaru was greatly pleased with you.
You had blades for hands.
You visited 2 branches of the dungeon, and saw 12 of its levels.

You collected 556 gold pieces.

Inventory:

Hand Weapons
 H - the +8 short sword of Doddaij {vorpal, +Rage Int+4, unknown}
   (You found it on level 8 of the Dungeon)

   It inflicts extra damage upon your enemies.
   It affects your intelligence (+4).
   It lets you go berserk.
Missiles
 a - 9 javelins
 c - 304 arrows
 u - 6 boomerangs
 y - 40 poisoned darts (quivered)
 C - a throwing net {=f}
 F - 34 sling bullets
 Q - 313 stones
Armour
 d - a +1 pair of gloves (melded)
 l - a +1 pair of boots (worn)
 v - a +1 cloak (worn)
Jewellery
 p - a ring of magical power (left scythe-like blade) {MP+9}
 x - an uncursed ring of stealth {Stlth+}
 B - an uncursed ring of willpower
 D - an amulet of faith (around neck) {Faith, !P}
 J - an uncursed ring of stealth {Stlth+}
 K - a +4 ring of evasion
Wands
 b - a wand of paralysis (2)
 f - a wand of flame (12)
 m - a wand of acid (7)
Scrolls
 e - a scroll of noise {!r}
 h - a scroll of enchant armour
 i - 2 scrolls of identify
 n - a scroll of immolation {unknown}
 q - 4 scrolls of remove curse
 r - a scroll of fog
 t - a scroll of teleportation
 w - a scroll of enchant weapon
 L - a scroll of magic mapping {!r}
 M - a scroll of summoning {unknown}
Potions
 g - 2 potions of haste
 k - 6 potions of curing
 o - a potion of mutation {!q}
 z - 3 potions of heal wounds
 A - 2 potions of brilliance
 E - a potion of magic
 G - 2 potions of berserk rage {!q}
 I - 3 potions of cancellation
Miscellaneous
 j - a phial of floods
 s - a lightning rod (4/4)


   Skills:
 + Level 8.5 Fighting
 - Level 1.7 Dodging
 * Level 6.6 Unarmed Combat
 + Level 7.3 Spellcasting
 * Level 11.0 Transmutations


You had 14 spell levels left.
You knew the following spells:

 Your Spells              Type           Power        Failure   Level
a - Beastly Appendage     Tmut           66%          8%          1
c - Spider Form           Tmut/Pois      9%           32%         3
x - Blade Hands           Tmut           16%          30%         5

Your spell library contained the following spells:

 Spells                   Type           Power        Failure   Level
 Wereblood                Tmut           33%          10%         2
 Corona                   Hex            4%           54%         1
 Freeze                   Ice            16%          54%         1
 Ice Form                 Ice/Tmut       19%          56%         4
 Slow                     Hex            4%           65%         2
 Frozen Ramparts          Ice            8%           82%         3
 Inner Flame              Hex/Fire       4%           82%         3
 Ozocubu's Armour         Ice            4%           82%         3
 Portal Projectile        Hex/Tloc       8%           82%         3
 Cause Fear               Hex            2%           98%         4
 Hailstorm                Conj/Ice       4%           98%         4
 Leda's Liquefaction      Hex/Erth       2%           98%         4
 Summon Ice Beast         Ice/Summ       4%           98%         4


Dungeon Overview and Level Annotations

Branches:
Dungeon (11/15)            Temple (1/1) D:4            Lair (0/6) D:10
    Orc (0/2) D:9

Altars:
Ashenzari
Cheibriados
Dithmenos
Elyvilon
Fedhas
Gozag
Hepliaklqana
Kikubaaqudgha
Makhleb
Nemelex Xobeh
Okawaru
Qazlal
Ru
Sif Muna
Uskayaw
Vehumet
Wu Jian
Xom
Yredelemnul
Zin
The Shining One
Beogh

Annotations:
D:3 3 runed translucent doors, Sonofthefire's ghost, weakling OpDe
D:4 2 transporters, 1 runed translucent door, Crazy Yiuf; Rennog's ghost, amateur GnWn
D:5 exclusion: ice beast, Sigmund
D:7 Maggie


Innate Abilities, Weirdness & Mutations

You can breathe waves of freezing cold.
You can buffet flying creatures when you breathe cold.
Your icy white scales are hard. (AC +7)
You cannot fit into any form of body armour.
Your flesh is cold resistant. (rC+)
You are cold-blooded and may be slowed by cold attacks.


Message History

There is a stone staircase leading down, spattered with blood here.
You see here a +0 shortbow.
You take 17 damage, and have 73/90 hp.
Your hands turn into razor-sharp scythe blades.
Your +1 pair of gloves melds into your body.
The cyan ugly thing bites you! The cyan ugly thing shocks you!
You take 25 damage, and have 48/90 hp.
GAME OVER YEAH!!
You now have 25/30 mp.
You slash the cyan ugly thing! The cyan ugly thing bites you!
* * * LOW HITPOINT WARNING * * *
The cyan ugly thing shocks you!
* * * LOW HITPOINT WARNING * * *
You take 24 damage, and have 24/90 hp.
GAME OVER YEAH!!
You hit the cyan ugly thing but do no damage.
The cyan ugly thing bites you!
* * * LOW HITPOINT WARNING * * *
The cyan ugly thing shocks you!
You die...

###.#........# ##.'..≈≈≈..'.##
.##.#........###..#.......#..###
.##.#.#...####..#############..##
.##.#.##..##..#########..######..
......#.....####.........>....###
..........#### #.............####
###.#.#......# #.######.####.....
###.#.##...#.# #.# #.# ######
..........##.###@######.#
#####.##........u[......#
#####.###.##.###.########
..........##.# #.#
####..######.###.### # #.##
#.#.....# # #.# #.#.###.# ####.#
#...# #.# .....# ###.###.#

Skill      XL: |  1  2  3  4  5  6  7  8  9 10 |
---------------+-------------------------------+-----
Fighting       | 2 3 4 5 6 7 8 |  8.5
Transmutations | 3 4 5 6 8 10 11 | 11.0
Spellcasting   | 3 4 5 6 7 |  7.3
Unarmed Combat | 4 6 |  6.6
Dodging        | |  1.7

Notes
Turn   | Place    | Note
-------+----------+-------------------------------------------
     0 | D:1      | hehateme the Draconian Transmuter began the quest for the
                  | Orb.
     0 | D:1      | Reached XP level 1. HP: 16/16 MP: 3/3
   372 | D:1      | Reached XP level 2. HP: 19/23 MP: 5/5
  1515 | D:2      | Found a glowing golden altar of the Shining One.
  2005 | D:3      | Found a shimmering altar of Xom.
  2006 | D:3      | Noticed a crimson imp
  2006 | D:3      | Noticed a crimson imp
  2007 | D:3      | Noticed a crimson imp
  2096 | D:3      | Killed a crimson imp
  2097 | D:3      | Reached skill level 2 in Fighting
  2097 | D:3      | Reached skill level 3 in Transmutations
  2097 | D:3      | Reached XP level 3. HP: 25/29 MP: 4/6
  2303 | D:3      | Reached XP level 4. HP: 23/37 MP: 6/8
  2555 | D:3      | Found a runed translucent gate.
  2555 | D:3      | Found a runed translucent gate.
  2555 | D:3      | Found a runed translucent gate.
  2555 | D:3      | Noticed Sonofthefire's ghost (weakling OpDe)
  2621 | D:3      | Reached skill level 3 in Spellcasting
  2621 | D:3      | Reached skill level 4 in Transmutations
  2621 | D:3      | Reached XP level 5. HP: 44/44 MP: 9/9
  2653 | D:3      | Noticed an ogre
  2668 | D:3      | Killed an ogre
  2669 | D:3      | Reached skill level 3 in Fighting
  3411 | D:4      | Found a transporter.
  3445 | D:4      | Reached XP level 6. HP: 47/51 MP: 8/11
  3465 | D:4      | Noticed Rennog's ghost (amateur GnWn)
  3577 | D:4      | Found a transporter.
  3689 | D:4      | Reached skill level 5 in Transmutations
  3840 | D:4      | Learned a level 3 spell: Spider Form
  3848 | D:4      | Reached skill level 4 in Fighting
  3980 | D:4      | Your scales start taking on an icy white colour.
  3980 | D:4      | Reached XP level 7. HP: 59/59 MP: 5/12
  3980 | D:4      | Gained mutation: Your flesh is cold resistant. (rC+) [White
                  | Draconian growth]
  4119 | D:4      | Found a staircase to the Ecumenical Temple.
  4125 | Temple   | Entered the Ecumenical Temple
  4288 | Temple   | Became a worshipper of Warmaster Okawaru
  4420 | D:4      | Found a runed translucent door.
  4421 | D:4      | Noticed Crazy Yiuf
  4518 | D:4      | Reached skill level 4 in Spellcasting
  4518 | D:4      | Reached skill level 6 in Transmutations
  4740 | D:5      | Entered Level 5 of the Dungeon
  6337 | D:5      | Reached skill level 5 in Fighting
  6614 | D:5      | Noticed Sigmund
  6889 | D:5      | Reached XP level 8. HP: 43/68 MP: 11/15
  7064 | D:5      | Reached * piety under Okawaru
  7065 | D:5      | Reached skill level 7 in Transmutations
  7846 | D:5      | Reached skill level 5 in Spellcasting
  8591 | D:5      | Reached skill level 8 in Transmutations
  8868 | D:6      | Reached skill level 6 in Fighting
  9048 | D:6      | HP: 17/70 [leopard gecko (1)]
  9054 | D:6      | HP: 15/70 [poisoned by an orc wizard]
  9060 | D:6      | HP: 9/70 [poisoned by an orc wizard]
  9067 | D:6      | HP: 9/70 [poisoned by an orc wizard]
  9757 | D:6      | HP: 16/71 [poisoned by a killer bee]
  9760 | D:6      | Reached XP level 9. HP: 9/77 MP: 17/17
  9760 | D:6      | HP: 7/77 [poisoned by a killer bee]
 10671 | D:6      | Learned a level 5 spell: Blade Hands
 10682 | D:7      | Reached ** piety under Okawaru
 10714 | D:7      | Reached skill level 9 in Transmutations
 10787 | D:7      | Reached skill level 6 in Spellcasting
 10992 | D:7      | Reached skill level 7 in Fighting
 11497 | D:7      | Found a hazy altar of Hepliaklqana.
 11621 | D:7      | Noticed Maggie
 12124 | D:6      | Reached *** piety under Okawaru
 12493 | D:7      | Found a snail-covered altar of Cheibriados.
 12691 | D:8      | Got a smoking short sword
 12796 | D:8      | Found a glowing golden altar of the Shining One.
 13050 | D:8      | Reached skill level 4 in Unarmed Combat
 13410 | D:8      | Found a shadowy altar of Dithmenos.
 13503 | D:8      | You fall into a shaft and drop 3 floors!
 13504 | D:11     | Noticed a cyan ugly thing
 13512 | D:10     | Entered Level 10 of the Dungeon
 13640 | D:10     | Reached skill level 10 in Transmutations
 14129 | D:10     | Found a staircase to the Lair.
 14329 | D:10     | Reached XP level 10. HP: 85/86 MP: 20/20
 15164 | D:10     | Reached skill level 5 in Unarmed Combat
 15692 | D:9      | Reached **** piety under Okawaru
 15712 | D:9      | HP: 22/88 [yak (5)]
 15770 | D:10     | Reached skill level 8 in Fighting
 15770 | D:10     | Reached skill level 7 in Spellcasting
 16720 | D:9      | Reached skill level 6 in Unarmed Combat
 17397 | D:9      | You fall into a shaft and drop 1 floor!
 18075 | D:9      | Found a staircase to the Orcish Mines.
 18083 | D:9      | Found a roughly hewn altar of Beogh.
 18708 | D:9      | Reached skill level 11 in Transmutations
 19733 | D:10     | HP: 9/90 [cyan ugly thing (15)]
 19733 | D:10     | Slain by a cyan ugly thing

Table legend: (Time is in decaauts)
 A = Elapsed time spent in this place.
 B = Non-inter-level travel time spent in this place.
 C = Inter-level travel time spent in this place.
 D = Time resting spent in this place.
 E = Time spent auto-exploring this place.
 F = Levels seen in this place.
 G = Mean time per level.
                   A        B        C        D        E       F      G
               +--------+--------+--------+--------+--------+-----+--------+
         Total |  19707 |  18898 |    809 |   8658 |   7448 |  12 | 1642.2 |
       Dungeon |  19525 |  18800 |    725 |   8658 |   7353 |  11 | 1775.0 |
        Temple |    182 |     98 |     84 |      0 |     95 |   1 |  182.0 |
               +--------+--------+--------+--------+--------+-----+--------+

Top non-repeatable levels by time:
     D:5: 3550 daAuts
    D:10: 2883 daAuts
     D:9: 2615 daAuts
     D:6: 2210 daAuts
     D:4: 1838 daAuts
     D:3: 1667 daAuts
     D:8: 1341 daAuts
     D:7: 1339 daAuts
     D:1: 973 daAuts
     D:2: 763 daAuts
    D:11: 341 daAuts
  Temple: 182 daAuts

Table legend:
 A = Kills in this place as a percentage of kills in entire the game.
 B = Kills by you in this place as a percentage of kills by you in the entire game.
 C = Kills by friends in this place as a percentage of kills by friends in the entire game.
 D = Other kills in this place as a percentage of other kills in the entire game.
 E = Experience gained in this place as a percentage of experience gained in the entire game.
 F = Experience gained in this place divided by the number of levels of this place that you have seen.
                   A       B       C       D       E      F
               +-------+-------+-------+-------+-------+----------------------
         Total | 100.0 | 100.0 |   N/A |   N/A | 100.0 | 802.7
       Dungeon | 100.0 | 100.0 |   N/A |   N/A | 100.0 | 875.6
               +-------+-------+-------+-------+-------+----------------------

Action                   |  1- 3 |  4- 6 |  7- 9 | 10-12 || total
-------------------------+-------+-------+-------+-------++-------
Melee: Unarmed           |   104 |    82 |   452 |   175 ||   813
       Tailslap          |     9 |     7 |    27 |    24 ||    67
       Kick              |     7 |    19 |    21 |       ||    47
       Headbutt          |     4 |     8 |    15 |       ||    27
       Punch             |     1 |       |     1 |     3 ||     5
Throw: Stone             |    39 |    30 |       |       ||    69
       Javelin           |     3 |       |       |       ||     3
       Dart              |       |     6 |    72 |    53 ||   131
 Cast: Beastly Appendage |     9 |    11 |    12 |       ||    32
       Spider Form       |       |     2 |    33 |       ||    35
       Blade Hands       |       |       |    33 |    46 ||    79
Invok: Heroism           |       |       |     2 |       ||     2
Evoke: Wand              |       |     7 |       |       ||     7
  Use: Potion            |       |       |     6 |       ||     6
       Scroll            |       |       |    16 |     1 ||    17
 Stab: Sleeping          |     2 |       |       |       ||     2
       Paralysed         |       |     8 |       |       ||     8
Armor: Skin              |    33 |    20 |   139 |    58 ||   250
Dodge: Dodged            |    54 |    32 |   400 |   123 ||   609

Vanquished Creatures
  A wraith (D:7)
  6 yaks
  2 water moccasins
  4 orc warriors
  A black bear (D:7)
  6 phantoms
  3 ice beasts
  5 ogres
  A necrophage (D:8)
  A sky beast (D:10)
  7 centaurs
  2 big kobolds
  7 bullfrogs
  4 gnoll sergeants
  4 scorpions
  A wyvern skeleton (D:7)
  10 killer bees
  6 wights
  4 howler monkeys
  4 crimson imps (D:3)
  A quasit (D:5)
  A bullfrog zombie (D:6)
  2 jellies
  6 orc priests
  3 bullfrog skeletons
  6 hounds
  5 orc wizards
  3 iguanas
  4 worker ants
  A worker ant zombie (D:11)
  5 adders
  2 shadow imps
  4 ufetubi
  An ooze (D:5)
  2 adder skeletons
  An adder zombie (D:5)
  A worm (D:4)
  2 dart slugs
  7 leopard geckos
  43 orcs
  2 giant cockroaches
  3 goblins
  3 hobgoblins
  16 kobolds
  2 quokkas (D:5)
  3 bats
  3 frilled lizards
  2 quokka skeletons
  A quokka zombie (D:5)
  6 rats
220 creatures vanquished.

Vanquished Creatures (others)
  A centaur (D:10)
  A plant (D:4)
2 creatures vanquished.

Grand Total: 222 creatures vanquished You could see a cyan ugly thing.

Levels and vault maps discovered:
D:1:      evilmike_arrival_rings, layout_basic, nrook_loot_triangle,
          corexii_item_surrounded_by_moat
D:2:      layout_loops_cross, tso_oasis_becter
D:3:      layout_loops_corners, ebering_ghost_rock_garden, led_xom_imps
D:4:      layout_gridville, minmay_temple_entry_gardened_gates,
          gammafunk_ghost_stat_death, nicolae_ossuary_entry_plus,
          uniq_crazy_yiuf_cottage
D:5:      layout_loops_ring, uniq_sigmund
D:6:      layout_rooms
D:7:      layout_cave_pools, nzn_hepliaklqana_mist_gate, kennysheep_mini_moat,
          uniq_maggie
D:8:      layout_loops_cross, tgw_trog, kennysheep_mini, basic_altar
D:9:      layout_stronghold, minmay_orc_entry_temple_small, enter_bailey_2,
          serial_column_ruins, column_ruins_hut, column_ruins_hut_pillars,
          column_ruins_columns_straight, column_ruins_grid_1,
          column_ruins_corridor_straight, column_ruins_open_large,
          column_ruins_columns_straight, column_ruins_columns_corner,
          sword_in_stone
D:10:     layout_loops_ring, dpeg_oklobed_lair, minivault_23, hex_medium,
          grunt_decor_clamped, lemuel_flamethrower_2
D:11:     minmay_polygon_palace, layout_basic, gauntlet_entry_generic,
          serial_shops, shop, nicolae_shop_behind_doors, nicolae_shop_crystal
Temple:   minmay_crystal_spiral_temple
